 Dungeon Crawl Stone Soup version 0.23.2-40-g277498a001 (webtiles) character file.

Game seed: 11726628059896616780

2052 EWolf27 the Covert (level 9, -8/39 HPs)
             Began as a Spriggan Enchanter on Oct 5, 2019.
             Was an Initiate of Gozag.
             Killed from afar by a lich (47 damage)
             ... with a bolt of negative energy
             ... on level 2 of the Abyss on Oct 6, 2019.
             The game lasted 01:24:53 (12356 turns).

EWolf27 the Covert (Spriggan Enchanter)            Turns: 12356, Time: 01:24:53

Health: -8/39      AC:  2    Str:  7    XL:     9   Next: 4%
Magic:  19/19      EV: 37    Int: 18    God:    Gozag
Gold:   926        SH:  0    Dex: 17    Spells: 14/20 levels left

rFire    . . .     SeeInvis +   a - +1 dagger (holy)
rCold    . . .     Gourm    .   (shield restricted)
rNeg     . . .     Faith    .   b - +0 robe
rPois    .         Spirit   .   (helmet restricted)
rElec    .         Reflect  .   (no cloak)
rCorr    .         Harm     .   (gloves unavailable)
MR       +....                  (boots unavailable)
Stlth    ++++......             l - amulet of the acrobat
HPRegen  0.13/turn              j - +3 ring of evasion
MPRegen  0.16/turn              k - +2 ring of intelligence

@: acrobat, drained, very quick
A: very small, unfitting armour, see invisible, herbivore, speed 3, slow
metabolism 2
a: Potion Petition, Call Merchant, Bribe Branch, Renounce Religion


You were on level 2 of the Abyss.
You worshipped Gozag.
Gozag was pleased with you.
You were not hungry.

You visited 2 branches of the dungeon, and saw 9 of its levels.
You visited the Abyss 1 time.

You collected 1013 gold pieces.
You paid 87 gold pieces to Gozag.

Inventory:

Hand Weapons
 a - a +1 dagger of holy wrath (weapon)
 H - a +0 dagger
Missiles
 c - 237 stones (quivered)
 t - 2 silver tomahawks
Armour
 b - a +0 robe (worn)
Jewellery
 j - a +3 ring of evasion (left hand)
 k - a +2 ring of intelligence (right hand)
 l - an amulet of the acrobat (around neck)
 B - an uncursed ring of protection from magic
 F - a cursed -6 ring of strength {unknown}
Wands
 r - a wand of acid (9)
 y - a wand of enslavement (9)
 C - a wand of flame (24)
Scrolls
 f - 6 scrolls of remove curse
 g - a scroll of blinking
 h - 8 scrolls of identify
 n - 3 scrolls of teleportation {unknown}
 p - a scroll of magic mapping {unknown}
 q - 2 scrolls of enchant armour {unknown}
 u - 2 scrolls of noise {unknown}
 w - a scroll of amnesia {unknown}
 G - a scroll of torment {unknown}
Potions
 e - 2 potions of curing
 i - 6 potions of brilliance
 m - a potion of berserk rage
 o - a potion of magic {unknown}
 s - a potion of heal wounds
 v - 3 potions of might
 x - 3 potions of invisibility {unknown}
 z - a potion of agility {unknown}
 A - 2 potions of flight {unknown}
 D - a potion of mutation {unknown}
 E - 2 potions of resistance {unknown}
 I - a potion of ambrosia {unknown}
Comestibles
 d - 12 rations


   Skills:
 * Level 8.1(7.3) Short Blades
 + Level 4.8(4.0) Dodging
 + Level 9.3(8.5) Stealth
 - Level 6.1(5.3) Spellcasting
 - Level 7.2(6.4) Hexes
 - Level 0.3(0.0) Ice Magic
 + Level 0.6(0.0) Evocations


You had 14 spell levels left.
You knew the following spells:

 Your Spells              Type           Power        Failure   Level  Hunger
a - Corona                Hex            ####...      1%          1    None
b - Ensorcelled Hibernat  Hex/Ice        ###...       5%          2    #......
c - Confuse               Hex            ####....     2%          3    ##.....

Your spell library contained the following spells:

 Spells                   Type           Power        Failure   Level  Hunger
 Tukima's Dance           Hex            ####....     2%          3    ##.....
 Dazzling Spray           Conj/Hex       ###...       11%         3    ##.....


Dungeon Overview and Level Annotations

Branches:
Dungeon (8/15)             Temple (1/1) D:4
   Lair: D:8-11

Altars:
Ashenzari
Cheibriados
Dithmenos
Elyvilon
Fedhas
Gozag
Hepliaklqana
Kikubaaqudgha
Makhleb
Nemelex Xobeh
Okawaru
Qazlal
Ru
Sif Muna
Trog
Uskayaw
Vehumet
Wu Jian
Xom
Yredelemnul
The Shining One

Annotations:
D:4 exclusion: downstairs


Innate Abilities, Weirdness & Mutations

You are very small and have problems with some larger weapons.
You are too small for most types of armour.
You have supernaturally acute eyesight. (SInv)
You are a herbivore.
You cover ground extremely quickly.
You need to consume almost no food.


Message History

Found a dagger.
Found two gateways leading deeper into the Abyss.
d - 12 rations (gained 1)
There are no items here.
You see here a dagger.
H - a dagger
Found a scroll of identify.
Found a fizzy golden potion.
There is a gateway leading deeper into the Abyss here.
A bone dragon comes into view.
You see here a fizzy golden potion.
I - a fizzy golden potion You enter the shallow water.
Moving in this stuff is going to be slow.
The lich shouts!
The lich casts a spell at you. The bolt of negative energy hits you!!!
You feel drained.
Ouch! That really hurt!
You die...
Your body crumbles into a pile of gold.

$ ### #.#
#######.###########
≈≈≈≈≈≈≈≈≈≈≈≈≈≈≈≈≈≈≈
#≈≈≈≈≈≈.........#
≈≈≈#≈....@.........
≈≈................. . .
# ...................
...
≈...................
.).
......L............#. .
. ....................
... .
......................
..
D...D..>........#......
. ...?... . ...........
. .


You could see a bone dragon and a lich.

Vanquished Creatures
  Sigmund (D:6)
  Duvessa (D:5)
  2 ogres
  A necrophage (D:7)
  3 phantoms
  A centaur (D:5)
  4 bullfrogs
  Blork the orc (D:5)
  A water moccasin zombie (D:5)
  3 scorpions
  Dowan (D:5)
  2 crimson imps
  A quasit (D:7)
  A centaur zombie (D:7)
  An orc wizard (D:7)
  A bullfrog skeleton (D:8)
  An orc priest (D:4)
  3 hounds
  A jelly (D:7)
  An iguana (D:4)
  A hound skeleton (D:6)
  Robin (D:4)
  4 gnolls
  4 adders
  An adder skeleton (D:4)
  2 worms
  3 dart slugs
  5 leopard geckos
  22 orcs
  9 bats
  9 giant cockroaches
  13 goblins
  7 hobgoblins
  8 jackals (D:3)
  7 quokkas
  A ball python (D:3)
  7 frilled lizards
  3 kobolds
  9 rats
147 creatures vanquished.

Vanquished Creatures (others)
  2 starspawn tentacles (Abyss:1)
2 creatures vanquished.

Grand Total: 149 creatures vanquished

Notes
Turn   | Place    | Note
-------+----------+-------------------------------------------
     0 | D:1      | EWolf27 the Spriggan Enchanter began the quest for the Orb.
     0 | D:1      | Reached XP level 1. HP: 9/9 MP: 5/5
   341 | D:1      | Reached XP level 2. HP: 13/13 MP: 6/6
   345 | D:1      | Learned a level 2 spell: Ensorcelled Hibernation
  1264 | D:2      | Reached XP level 3. HP: 16/16 MP: 3/8
  1291 | D:2      | Learned a level 3 spell: Confuse
  1913 | D:2      | Reached skill level 5 in Stealth
  2781 | D:3      | Reached XP level 4. HP: 21/21 MP: 6/9
  3024 | D:3      | Found a snail-covered altar of Cheibriados.
  3094 | D:3      | Found an iron altar of Okawaru.
  3095 | D:3      | Noticed an orc warrior
  3959 | D:4      | Found a sparkling altar of Nemelex Xobeh.
  3959 | D:4      | Found an opulent altar of Gozag.
  3968 | D:4      | Reached XP level 5. HP: 24/24 MP: 4/11
  3979 | D:4      | Became a worshipper of Gozag Ym Sagoz the Greedy
  4077 | D:4      | Noticed an ogre
  4095 | D:4      | Killed an ogre
  4151 | D:4      | Noticed a phantom
  4228 | D:4      | Reached skill level 6 in Stealth
  4323 | D:4      | Reached XP level 6. HP: 28/28 MP: 3/13
  4522 | D:4      | Found a shadowy altar of Dithmenos.
  4539 | D:4      | Reached skill level 5 in Hexes
  4938 | D:5      | Entered Level 5 of the Dungeon
  4938 | D:5      | Noticed Duvessa
  4938 | D:5      | Noticed Dowan
  5525 | D:4      | Found a staircase to the Ecumenical Temple.
  5622 | Temple   | Entered the Ecumenical Temple
  5818 | D:4      | Found a stormy altar of Qazlal.
  6005 | D:4      | Noticed Robin
  6394 | D:4      | Killed Robin
  6715 | D:5      | Reached skill level 5 in Short Blades
  6753 | D:5      | Reached XP level 7. HP: 26/32 MP: 0/14
  7239 | D:6      | Found an ornate altar of the Wu Jian Council.
  7381 | D:5      | Killed Dowan
  7381 | D:5      | Reached skill level 7 in Stealth
  7510 | D:5      | Noticed Blork the orc
  7678 | D:5      | Reached skill level 5 in Spellcasting
  7745 | D:5      | Found a blossoming altar of Fedhas.
  7817 | D:5      | Found a burning altar of Makhleb.
  8394 | D:5      | Killed Duvessa
  8394 | D:5      | Reached XP level 8. HP: 36/36 MP: 11/17
  8624 | D:5      | Killed Blork the orc
  8888 | D:6      | Reached skill level 8 in Stealth
  8945 | D:6      | Found an ancient bone altar of Kikubaaqudgha.
  8993 | D:6      | Noticed Sigmund
  9146 | D:6      | Killed Sigmund
 10579 | D:7      | Reached skill level 9 in Stealth
 11276 | D:7      | Reached XP level 9. HP: 27/39 MP: 13/19
 11702 | D:8      | Cast into level 1 of the Abyss (gnoll sergeant)
 11703 | Abyss:1  | Found a corrupted altar of Lugonu.
 11781 | Abyss:1  | Noticed a starcursed mass
 11834 | Abyss:1  | Noticed a starcursed mass
 11863 | Abyss:1  | Noticed a starcursed mass
 11900 | Abyss:1  | Noticed a large abomination
 11901 | Abyss:1  | Noticed a tentacled starspawn
 11910 | Abyss:1  | Noticed an ancient zyme
 11918 | Abyss:1  | Noticed an apocalypse crab
 11935 | Abyss:1  | Noticed a lich
 11967 | Abyss:1  | Noticed a wretched star
 11968 | Abyss:1  | Noticed a lorocyproca
 11976 | Abyss:1  | Noticed a worldbinder
 12003 | Abyss:1  | Noticed an angel
 12038 | Abyss:1  | Noticed a wizard
 12073 | Abyss:1  | Noticed a rust devil
 12179 | Abyss:1  | Noticed a lich
 12202 | Abyss:1  | Noticed a hell hog
 12234 | Abyss:1  | Noticed a great orb of eyes
 12251 | Abyss:1  | Noticed a shadow wraith
 12342 | Abyss:2  | Noticed a bone dragon
 12346 | Abyss:2  | Noticed a lich
 12356 | Abyss:2  | Killed from afar by a lich

Skill      XL: |  1  2  3  4  5  6  7  8 |
---------------+-------------------------+-----
Short Blades   | 2 3 4 5 6 8 |  8.1
Spellcasting   | 3 4 5 6 |  6.1
Hexes          | 4 5 6 7 |  7.2
Stealth        | 5 6 7 9 |  9.3
Dodging        | 4 |  4.8
Ice Magic      | |  0.3
Evocations     | |  0.6

Action                   |  1- 3 |  4- 6 |  7- 9 || total
-------------------------+-------+-------+-------++-------
Melee: Dagger            |   160 |   147 |   137 ||   444
Throw: Stone             |       |     6 |     1 ||     7
 Cast: Ensorcelled Hiber |    19 |    42 |    54 ||   115
       Confuse           |     7 |     8 |    28 ||    43
       Corona            |     1 |       |       ||     1
  Use: Scroll            |       |     3 |     5 ||     8
       Potion            |       |       |     1 ||     1
 Stab: Sleeping          |    27 |    23 |    27 ||    77
       Confused          |     3 |     9 |    14 ||    26
       Distracted        |     1 |     1 |     3 ||     5
  Eat: Ration            |     1 |     3 |     3 ||     7
Armor: Robe              |    17 |     5 |     4 ||    26
Dodge: Dodged            |   156 |    94 |   137 ||   387
